Map: Data-C

Players

PattyMac

  • Race: Protoss Protoss
  • Spawn Location: 9:00

soO - Winner!

  • Race: Zerg Zerg
  • Spawn Location: 3:00

Event: DreamHack SC2 Masters 2022 Atlanta (Offline)

VOD

Have the link to the VOD?

Description

Time

  • Played on: Nov. 18, 2022, 1:58 p.m.
  • Length: 9:36

All games in this series

Show
View Real Time Build Order
Export as new Build Order

PattyMac Protoss 

Build Orders: 1 Gate Expand, Oracle Opening 

Get SALT Encoding   

  12  0:00  Probe  
  13  0:12  Probe  
  14  0:18  Pylon  
  14  0:24  Probe (Chrono Boost)  
  15  0:37  Probe (Chrono Boost)  
  15  0:40  Gateway  
  16  0:44  Probe (Chrono Boost)  
  17  0:50  Assimilator  
  17  0:54  Probe  
  18  1:06  Probe  
  19  1:19  Probe  
  20  1:27  Nexus  
  20  1:38  Cybernetics Core  
  20  1:41  Probe  
  21  1:48  Assimilator  
  21  1:54  Probe  
  22  1:58  Pylon  
  22  2:05  Probe  
  23  2:13  Adept (Chrono Boost), Probe  
  23  2:21  Probe  
  23  2:22  Stargate  
  26  2:30  Warp Gate  
  26  2:33  Probe (Chrono Boost)  
  27  2:39  Probe (Chrono Boost)  
  27  2:40  Adept  
  30  2:49  Probe (Chrono Boost)  
  30  2:50  Probe (Chrono Boost)  
  32  2:54  Probe (Chrono Boost)  
  32  2:56  Probe  
  35  3:05  Probe  
  35  3:09  Void Ray (Chrono Boost)  
  35  3:10  Probe  
  40  3:13  Pylon  
  40  3:18  Probe  
  41  3:22  Probe  
  41  3:25  Gateway  
  42  3:31  Probe  
  43  3:37  Oracle (Chrono Boost), Probe  
  47  3:43  Probe  
  47  3:46  Pylon  
  48  3:49  Probe  
  48  3:55  Probe  
  50  3:59  Nexus  
  50  4:01  Probe  
  51  4:06  Assimilator  
  51  4:07  Assimilator  
  51  4:08  Oracle (Chrono Boost)  
  51  4:13  Probe  
  55  4:17  Probe  
  55  4:22  Twilight Council  
  56  4:26  Probe  
  57  4:32  Probe  
  57  4:38  Probe  
  56  4:44  Probe  
  57  4:45  Gateway  
  57  4:46  Gateway  
  57  4:48  Gateway  
  57  4:50  Probe, Gateway  
  58  4:54  Gateway  
  58  4:56  Probe  
  58  4:58  Adept  
  61  5:02  Probe  
  62  5:11  Adept, Probe  
  65  5:14  Probe  
  65  5:15  Probe  
  65  5:19  Pylon  
  65  5:20  Resonating Glaives (Chrono Boost)  
  67  5:23  Probe  
  67  5:25  Adept  
  67  5:26  Probe  
  67  5:27  Probe  
  72  5:35  Probe  
  73  5:37  Adept  
  73  5:38  Probe  
  73  5:39  Probe  
  76  5:43  Pylon  
  76  5:47  Probe  
  76  5:50  Probe  
  76  5:51  Adept x4  
  76  5:57  Pylon  
  86  6:06  Pylon  
  86  6:12  Pylon  
  86  6:15  Adept x3, Probe x2  
  93  6:23  Probe  
  93  6:25  Adept x3  
  99  6:27  Probe  
  99  6:30  Blink (Chrono Boost)  
  99  6:31  Probe  
  101  6:35  Probe  
  101  6:38  Forge  
  102  6:41  Nexus  
  102  6:43  Gateway  
  102  6:44  Gateway  
  96  6:59  Stalker x3  
  96  7:00  Stalker x3  
  86  7:10  Probe  
  86  7:11  Probe  
  86  7:12  Shield Battery  
  86  7:14  Protoss Ground Weapons Level 1 (Chrono Boost)  
  84  7:16  Pylon  
  84  7:20  Pylon  
  84  7:22  Forge  
  84  7:26  Robotics Facility, Templar Archives  
  84  7:29  Gateway, Pylon  
  84  7:31  Pylon  
  84  7:33  Photon Cannon  
  84  7:36  Shield Battery  
  84  7:41  Stalker x2  
  88  7:46  Stalker x2  
  88  7:50  Shield Battery  
  86  7:52  Pylon  
  86  7:53  Probe x2  
  86  7:55  Probe  
  89  8:04  Stalker x3  
  95  8:06  Probe  
  95  8:10  Stalker  
  95  8:11  Stalker  
  96  8:17  Probe  
  96  8:19  Assimilator  
  97  8:20  High Templar  
  97  8:21  High Templar  
  97  8:22  Assimilator  
  97  8:24  Probe x3  
  97  8:25  Pylon  
  104  8:27  Pylon  
  104  8:29  High Templar x2  
  104  8:30  Archon  
  104  8:33  Archon  
  108  8:34  Photon Cannon  
  108  8:35  Observer (Chrono Boost)  
  108  8:37  Robotics Bay  
  108  8:39  Probe x3  
  108  8:40  Assimilator  
  112  8:44  Assimilator  
  112  8:46  Probe  
  113  8:52  Gateway  
  113  8:54  Gateway  
  113  8:56  Probe, Photon Cannon  
  113  8:57  Stalker x2  
  118  9:03  Stalker x2  
  116  9:11  Stalker x3  
  116  9:15  Stalker  
  106  9:21  Stalker  
  102  9:26  Gateway  
  102  9:27  Stalker  
Show
View Real Time Build Order
Export as new Build Order

soO Zerg - Winner!

Build Orders: Hatch First 

Get SALT Encoding   

  12  0:00  Drone  
  13  0:12  Overlord  
  13  0:17  Drone  
  14  0:30  Drone x2  
  16  0:44  Drone  
  17  0:51  Hatchery  
  17  0:55  Drone  
  17  0:58  Drone  
  18  1:09  Extractor  
  17  1:12  Spawning Pool  
  17  1:16  Drone  
  17  1:19  Drone  
  18  1:27  Drone  
  19  1:38  Drone  
  20  1:49  Drone  
  21  2:00  Zergling x2  
  22  2:02  Queen  
  22  2:03  Zergling x2, Queen  
  27  2:10  Overlord  
  27  2:11  Metabolic Boost  
  27  2:15  Drone  
  28  2:29  Drone x2  
  30  2:34  Hatchery  
  30  2:36  Drone  
  30  2:38  Drone  
  31  2:45  Queen  
  31  2:50  Overlord  
  33  2:54  Drone  
  34  3:00  Drone x2  
  36  3:08  Queen  
  36  3:10  Drone x2  
  36  3:12  Drone x2  
  42  3:18  Overlord  
  42  3:20  Drone x2  
  44  3:29  Overlord  
  44  3:35  Queen  
  44  3:39  Drone  
  44  3:40  Drone x2  
  49  3:46  Overlord  
  51  3:48  Drone  
  51  3:52  Drone  
  51  3:54  Drone  
  51  3:55  Drone x2  
  55  3:56  Drone x2  
  55  4:01  Queen  
  58  4:04  Spore Crawler, Drone  
  58  4:05  Drone x2  
  58  4:08  Drone x2  
  62  4:11  Spore Crawler  
  62  4:15  Spore Crawler, Drone  
  61  4:18  Drone x2  
  61  4:20  Drone x2  
  61  4:22  Drone  
  66  4:26  Overlord  
  66  4:30  Overlord  
  65  4:33  Drone  
  65  4:36  Overlord  
  66  4:39  Lair  
  66  4:42  Overlord  
  66  4:43  Drone, Evolution Chamber  
  66  4:44  Drone  
  67  4:46  Overlord  
  67  4:52  Zergling x8  
  71  4:53  Drone x2  
  71  4:55  Extractor  
  71  4:56  Extractor  
  71  5:02  Zergling x4  
  71  5:03  Drone x3  
  74  5:09  Overlord  
  74  5:11  Drone x2  
  74  5:14  Drone x2  
  78  5:17  Drone  
  78  5:18  Zerg Melee Weapons Level 1  
  78  5:20  Drone  
  80  5:23  Baneling Nest  
  80  5:24  Drone x2  
  80  5:25  Drone  
  80  5:26  Drone  
  83  5:28  Drone  
  83  5:31  Drone, Hatchery, Extractor x2  
  83  5:34  Drone  
  83  5:36  Drone x3  
  83  5:39  Hydralisk Den  
  83  5:41  Zergling x2  
  86  5:45  Zergling x2  
  85  5:58  Drone  
  85  5:59  Drone x2, Overlord  
  88  6:05  Drone  
  88  6:06  Hatchery  
  88  6:07  Drone x2, Overlord  
  88  6:09  Grooved Spines  
  89  6:11  Hydralisk x3  
  89  6:16  Hydralisk x2  
  99  6:18  Hydralisk  
  99  6:19  Hydralisk  
  102  6:26  Hydralisk x2  
  102  6:27  Zergling x12  
  102  6:29  Hydralisk  
  114  6:37  Baneling x4  
  114  6:38  Zergling x4  
  116  6:42  Baneling x2  
  104  6:56  Hydralisk x2  
  104  6:57  Zergling x20  
  104  6:59  Hydralisk  
  104  7:00  Hydralisk  
  109  7:04  Zergling x6  
  107  7:10  Drone x2  
  108  7:16  Baneling x4  
  108  7:17  Baneling  
  108  7:19  Zerg Melee Weapons Level 2  
  108  7:20  Zergling x20  
  118  7:24  Spore Crawler  
  117  7:30  Hydralisk x2  
  117  7:31  Zergling x6  
  117  7:35  Drone x2  
  126  7:39  Muscular Augments  
  124  7:52  Centrifugal Hooks  
  124  7:53  Drone x5  
  124  7:54  Zergling x12, Drone x2  
  124  7:57  Overlord  
  124  7:58  Overlord  
  137  8:01  Overlord  
  137  8:03  Hydralisk x2  
  141  8:06  Overlord  
  141  8:07  Overlord  
  141  8:08  Overlord  
  141  8:09  Overlord  
  141  8:10  Overlord  
  140  8:13  Overlord  
  140  8:17  Drone x4  
  144  8:25  Baneling x12  
  144  8:26  Zergling x8  
  144  8:27  Zergling x12  
  154  8:29  Hatchery  
  153  8:36  Zergling x8  
  153  8:38  Baneling x7  
  157  8:46  Zergling x24  
  169  8:50  Hydralisk x3  
  175  8:57  Baneling  
  175  8:58  Baneling x3  
  153  9:15  Zergling x2  
  153  9:16  Zergling x32  
Tags
 
Add a new tag
Caveats
  • Supply blocks, unpowered buildings, or Contaminate may cause inaccurate times.
  • Supply counts are checked every 10 seconds.